Map: Rhoskallian LE

Players

Massa - Winner!

  • Race: Terran Terran
  • League: Platinum
  • Spawn Location: 11:00

qqq - Winner!

  • Race: Zerg Zerg
  • Spawn Location: 12:00

Kaukatsu

  • Race: Terran Terran
  • League: Platinum
  • Spawn Location: 5:00

Horus

  • Race: Terran Terran
  • League: Diamond
  • Spawn Location: 6:00

VOD

Have the link to the VOD?

Description

Time

  • Played on: Oct. 27, 2020, 5:19 p.m.
  • Length: 27:43
Show
View Real Time Build Order
Export as new Build Order

Massa Terran - Winner!

Build Orders:  

Get SALT Encoding   

  12  0:00  SCV  
  13  0:12  SCV  
  14  0:22  Supply Depot  
  14  0:28  SCV  
  15  0:32  Refinery  
  15  0:44  SCV  
  15  0:46  Barracks  
  16  0:56  SCV  
  17  1:08  SCV  
  18  1:20  SCV  
  19  1:32  SCV  
  20  1:34  Reaper  
  21  1:44  Command Center  
  21  1:49  Orbital Command  
  21  2:12  Marine  
  22  2:17  SCV  
  23  2:40  Barracks Reactor  
  22  2:57  Factory  
  22  3:13  Orbital Command  
  22  3:19  Marine x2  
  22  3:23  SCV  
  24  3:35  SCV  
  24  3:37  Marine x2, Command Center  
  27  3:43  Refinery  
  27  3:47  Starport  
  27  3:51  SCV x2  
  27  3:55  Marine x2  
  30  3:57  Factory Tech Lab, Supply Depot  
  30  4:02  Engineering Bay  
  31  4:03  SCV x2  
  31  4:08  Supply Depot  
  33  4:13  Marine x2  
  35  4:21  Supply Depot  
  35  4:29  Siege Tank  
  35  4:30  Marine  
  35  4:31  SCV x2, Marine  
  42  4:43  Supply Depot  
  42  4:48  Marine  
  42  4:53  Marine  
  42  4:56  SCV  
  42  4:57  SCV  
  45  5:00  Orbital Command  
  45  5:01  Siege Tank  
  45  5:02  Starport Tech Lab  
  45  5:06  Marine  
  49  5:09  SCV x2  
  51  5:16  Barracks  
  51  5:21  SCV  
  52  5:22  Barracks  
  52  5:24  Marine x2  
  54  5:41  Marine  
  55  5:43  Marine  
  55  5:47  Siege Tank  
  59  5:53  Missile Turret  
  59  5:59  Marine  
  59  6:00  Marine  
  59  6:02  Refinery  
  59  6:03  SCV x3  
  64  6:04  Refinery  
  64  6:09  Barracks Tech Lab  
  64  6:10  Barracks Reactor  
  64  6:14  Missile Turret  
  64  6:15  SCV x3  
  64  6:17  Marine  
  68  6:18  Marine  
  68  6:19  Siege Tank  
  68  6:20  Banshee  
  75  6:29  Marauder  
  77  6:35  Marine  
  77  6:36  Marine  
  79  6:43  Stimpack  
  79  6:46  Marine x2  
  81  6:50  Marine  
  81  6:53  Marine  
  81  6:54  Marine  
  83  6:55  SCV  
  85  7:02  Supply Depot  
  85  7:04  Supply Depot  
  85  7:23  SCV x2, Marine x3  
  85  7:24  Marauder  
  85  7:26  Marine  
  85  7:27  Supply Depot  
  85  7:29  Supply Depot  
  93  7:35  SCV  
  94  7:41  Marine x3  
  94  7:44  Marine  
  97  7:45  Marauder  
  100  7:55  Orbital Command  
  100  7:59  Marine x3  
  103  8:06  Marauder  
  103  8:07  SCV  
  103  8:08  SCV  
  107  8:14  Siege Tank  
  107  8:16  Marine  
  107  8:17  Marine x3  
  107  8:19  SCV  
  115  8:20  SCV, Missile Turret  
  115  8:21  Missile Turret  
  115  8:22  Missile Turret  
  115  8:23  Missile Turret  
  116  8:31  SCV  
  116  8:33  Supply Depot  
  117  8:41  Supply Depot  
  117  8:42  Supply Depot  
  117  8:44  Missile Turret  
  117  8:48  Combat Shield  
  117  8:53  Barracks  
  117  8:54  SCV x3, Marine x2  
  117  8:55  Marauder  
  124  8:56  Refinery  
  124  8:58  Refinery  
  124  9:03  Siege Tank  
  124  9:05  Supply Depot x2  
  124  9:06  SCV x3  
  130  9:12  Cloaking Field  
  130  9:13  Banshee  
  130  9:16  Marauder  
  135  9:19  SCV  
  133  9:35  Siege Tank  
  133  9:37  Marauder  
  138  9:39  Marine x4  
  142  9:55  Barracks Tech Lab  
  142  9:57  Marine x4  
  142  9:59  Marauder  
  151  10:01  Raven  
  151  10:07  Starport, Concussive Shells, Siege Tank  
  150  10:08  Starport  
  153  10:15  Marine  
  153  10:20  Marauder  
  156  10:42  Marauder  
  155  10:43  Raven  
  126  11:03  Marauder  
  92  11:12  Marauder, Marine  
  92  11:13  Marine x3  
  98  11:23  Siege Tank  
  98  11:24  Marauder  
  103  11:28  Starport Reactor x2  
  103  11:30  Marine x4, Command Center  
  103  11:31  Command Center  
  107  11:33  Marauder  
  107  11:37  Terran Infantry Weapons Level 1  
  109  11:42  Engineering Bay  
  109  11:46  Marauder  
  111  11:47  Armory  
  111  11:48  Marine x4  
  115  11:54  Marauder  
  115  11:55  Siege Tank  
  120  12:05  Marine  
  120  12:06  Marine x3  
  120  12:07  Marauder  
  126  12:16  Marauder  
  123  12:28  Marauder  
  117  12:35  Armory  
  117  12:37  Marauder  
  117  12:40  Marine  
  117  12:41  Marine x3  
  123  12:50  Marauder  
  125  12:58  Marine  
  125  12:59  Marauder, Marine x3  
  125  13:03  SCV  
  125  13:04  SCV x2  
  125  13:05  Orbital Command  
  134  13:07  Orbital Command  
  134  13:11  Marauder  
  136  13:15  SCV  
  136  13:16  SCV x2, Marine x3  
  136  13:17  Marine  
  126  13:20  Marauder  
  128  13:27  SCV  
  128  13:28  SCV x2  
  128  13:33  Barracks, Marauder  
  128  13:34  Marine x4  
  133  13:36  Viking x2  
  133  13:37  Viking x3  
  133  13:40  SCV x3  
  150  13:41  Marauder  
  152  13:51  Marine  
  152  13:52  SCV x3, Marine x3  
  152  13:54  Marauder  
  161  14:03  Marauder  
  161  14:06  Viking x2  
  161  14:09  Marine  
  162  14:12  Marine x3  
  162  14:15  Marauder  
  167  14:22  Barracks  
  166  14:24  Marauder  
  166  14:27  Marine  
  166  14:30  Marine x3  
  170  14:36  Siege Tank  
  170  14:37  Marauder  
  175  14:44  Barracks Tech Lab  
  175  14:45  Marine  
  178  14:46  Marauder  
  178  14:47  Marine  
  178  14:48  Marine x2  
  178  14:52  Medivac x3  
  187  15:15  Supply Depot  
  187  15:18  Supply Depot  
  187  15:20  Supply Depot x3  
  187  15:22  Supply Depot  
  187  15:23  Supply Depot  
  187  15:31  Marine  
  187  15:32  Marauder  
  187  15:36  Marine x4, Medivac x2  
  187  15:40  Medivac, Siege Tank  
  187  15:41  Supply Depot  
  187  15:42  Supply Depot  
  198  15:45  Supply Depot x2  
  198  15:46  Supply Depot x2  
  188  15:50  Marauder, Supply Depot  
  188  15:52  Viking x2  
  188  15:53  Marauder  
  188  15:54  Marine x3  
  181  16:06  Viking x2  
  181  16:10  Viking  
  179  16:11  Marauder  
  179  16:12  Siege Tank  
  179  16:15  Marauder  
  184  16:22  Viking  
  182  16:29  Viking  
  186  16:33  Marauder  
  186  16:36  Viking x2  
  173  16:40  Viking  
  129  18:04  Marauder  
  129  18:05  Marauder x2, Marine x5  
  137  18:23  Marine x5  
  137  18:26  Marauder x3  
  143  18:40  Marine  
  144  18:41  Marine x3  
  144  18:45  Orbital Command  
  144  18:47  Barracks Tech Lab, Marauder x3  
  139  18:50  Orbital Command  
  123  18:58  Marine  
  123  18:59  Marine x3  
  102  19:08  Marauder  
  102  19:09  Marauder x2  
  94  19:10  SCV  
  94  19:16  Marine  
  94  19:17  Marine  
  96  19:19  SCV  
  96  19:20  SCV x2  
  96  19:22  SCV  
  101  19:30  Marauder x3  
  107  19:31  SCV  
  107  19:32  SCV x2  
  107  19:34  SCV  
  107  19:37  Siege Tank  
  114  19:39  Marauder, Marine x4  
  114  19:43  SCV  
  114  19:44  SCV x2  
  123  19:47  SCV  
  123  19:51  Marauder  
  123  19:52  Marauder x2  
  130  19:55  SCV  
  130  19:56  SCV x2, Marine  
  130  19:57  Marine x3  
  130  19:59  SCV  
  138  20:00  Marauder  
  140  20:07  SCV  
  140  20:08  SCV x2  
  140  20:09  Siege Tank  
  140  20:12  Marauder  
  140  20:13  Marauder x2  
  152  20:14  Marine  
  152  20:15  Marine x3  
  156  20:21  Marauder  
  158  20:32  Marine  
  158  20:33  Marine x3  
  158  20:34  Marauder x2, Marine  
  158  20:35  Medivac x5  
  177  20:38  Command Center  
  177  20:41  Siege Tank  
  177  20:42  Marine  
  181  21:04  Medivac  
  181  21:05  Medivac x2  
  187  21:13  Siege Tank  
  190  21:24  Marauder x4, Marine  
  190  21:25  Terran Infantry Weapons Level 2, Marine  
  200  21:26  Terran Infantry Armor Level 1  
  200  21:27  Terran Vehicle And Ship Armor Level 1, Terran Vehicle Weapons Level 1  
  200  21:34  Refinery  
  200  21:37  Refinery  
  184  22:37  Viking x5  
  184  22:39  Marauder x3  
  200  22:52  Ghost Academy x2  
  200  22:53  Corvid Reactor  
  200  22:55  Ghost Academy  
  200  23:01  Refinery, Orbital Command  
  200  23:03  Refinery  
  200  23:20  Hi-Sec Auto Tracking  
  200  23:21  Terran Ship Weapons Level 1  
  200  23:41  Neosteel Armor  
  200  23:47  Terran Vehicle Weapons Level 2  
  200  23:51  Personal Cloaking  
  164  24:10  Marine x6  
  164  24:11  Marine x2  
  164  24:12  Hyperflight Rotors  
  138  24:17  Terran Infantry Weapons Level 3  
  138  24:19  Siege Tank  
  137  24:33  Marauder, Marine  
  137  24:34  Marauder x3, Marine x2  
  148  24:51  Siege Tank  
  151  24:54  SCV x3  
  151  24:55  Marauder  
  154  25:02  Refinery  
  154  25:04  Refinery  
  154  25:07  Ghost  
  156  25:15  Terran Vehicle And Ship Armor Level 2  
  156  25:21  Terran Infantry Armor Level 2  
  128  25:51  Viking x5  
  128  25:53  Marauder x2, Marine x6  
  148  26:11  Marine x5  
  146  26:14  Marine x2  
  141  26:21  Viking x2  
  141  26:22  Siege Tank  
  132  26:28  Marine  
  132  26:29  Marine x4  
  132  26:30  Viking x2  
  132  26:31  Marine  
  132  26:32  Marine  
  134  26:46  Marine x2  
  136  26:47  Marine x3  
  136  26:49  Marine  
  136  26:50  Marine  
  139  26:54  Siege Tank  
  139  26:56  Viking x3  
  139  27:00  Viking  
  145  27:04  Marine  
  145  27:05  Marine  
  145  27:07  Marine x2  
Show
View Real Time Build Order
Export as new Build Order

qqq Zerg - Winner!

Build Orders: Hatch First, Lurkers 

Get SALT Encoding   

  12  0:04  Drone  
  13  0:10  Drone  
  14  0:40  Hatchery  
  13  0:43  Drone  
  14  1:00  Spawning Pool  
  13  1:07  Overlord  
  13  1:09  Drone  
  14  1:15  Extractor  
  14  1:16  Drone  
  14  1:37  Drone x2  
  16  1:52  Drone x2, Queen  
  20  2:02  Zergling x2  
  20  2:07  Queen  
  23  2:11  Drone  
  24  2:16  Drone  
  24  2:22  Drone  
  26  2:33  Metabolic Boost  
  26  2:37  Zergling x2  
  26  2:38  Zergling x2  
  28  2:57  Overlord  
  28  2:58  Overlord  
  28  2:59  Overlord  
  27  3:13  Zergling x2  
  28  3:25  Drone x2  
  28  3:26  Drone  
  31  3:29  Drone x2  
  33  3:41  Drone  
  34  3:44  Lair  
  34  3:49  Drone  
  34  3:50  Drone  
  34  3:53  Extractor  
  35  4:04  Hatchery  
  35  4:07  Drone x3  
  35  4:08  Drone  
  35  4:09  Drone x2  
  40  4:11  Drone  
  41  4:27  Drone x2  
  43  4:34  Drone x2, Overlord  
  43  4:35  Zergling x6  
  48  4:47  Spire  
  47  4:56  Hydralisk Den  
  47  4:57  Drone  
  46  5:00  Drone  
  46  5:01  Drone  
  46  5:02  Evolution Chamber  
  46  5:04  Drone  
  46  5:06  Overlord, Infestation Pit  
  47  5:07  Drone x2  
  47  5:09  Drone  
  50  5:15  Drone x2  
  50  5:16  Drone  
  50  5:19  Extractor  
  50  5:20  Extractor  
  44  5:45  Drone x2  
  44  5:46  Drone x2  
  48  5:50  Hive  
  48  5:55  Drone  
  48  5:56  Hydralisk  
  51  5:57  Lurker Den  
  51  5:59  Drone x2  
  51  6:00  Drone  
  53  6:04  Mutalisk  
  55  6:14  Zergling x4  
  55  6:15  Zergling x2  
  55  6:17  Drone  
  55  6:18  Drone x3  
  62  6:28  Drone  
  62  6:29  Drone  
  62  6:31  Drone, Extractor  
  64  6:33  Extractor  
  64  6:34  Mutalisk  
  64  6:36  Hatchery  
  64  6:40  Mutalisk  
  64  6:43  Hatchery  
  64  6:44  Overlord x2  
  64  6:46  Drone  
  66  6:54  Overlord x3  
  66  7:07  Mutalisk x4  
  74  7:17  Drone x3  
  77  7:26  Mutalisk  
  77  7:27  Corruptor  
  77  7:29  Hydralisk x2  
  85  7:30  Drone  
  85  7:35  Queen  
  82  8:06  Drone x2  
  82  8:07  Drone  
  82  8:08  Zerg Melee Weapons Level 1  
  85  8:14  Ultralisk Cavern  
  85  8:18  Mutalisk  
  86  8:20  Hydralisk x5  
  86  8:21  Hydralisk x3  
  86  8:23  Drone x2  
  86  8:25  Drone, Hatchery  
  104  8:44  Drone x3  
  104  8:45  Drone x5  
  112  8:51  Lurker  
  112  8:52  Lurker x5  
  112  8:54  Overlord x2  
  112  8:55  Overlord  
  118  9:05  Evolution Chamber, Muscular Augments  
  117  9:13  Drone x3  
  117  9:14  Drone x4  
  124  9:21  Queen  
  127  9:24  Drone x2  
  127  9:25  Overlord  
  127  9:28  Ultralisk  
  134  9:35  Anabolic Synthesis  
  134  9:39  Zerg Ground Armor Level 1  
  134  9:55  Zergling x8  
  134  9:56  Zergling x8  
  134  9:57  Zergling x4  
  134  9:59  Seismic Spines  
  144  10:02  Zerg Missile Weapons Level 1  
  140  10:13  Drone x3  
  135  10:18  Chitinous Plating  
  130  10:21  Ultralisk x2  
  130  10:23  Zergling x12  
  141  10:34  Drone, Ultralisk  
  141  10:35  Drone x3  
  103  11:12  Ultralisk x3  
  103  11:16  Hydralisk x3  
  103  11:17  Drone x2  
  103  11:18  Drone x4  
  127  11:29  Drone  
  127  11:32  Extractor  
  127  11:33  Extractor  
  127  11:34  Drone  
  127  11:35  Hatchery  
  126  11:40  Hatchery  
  125  11:49  Lurker x3  
  125  11:51  Zergling x14  
  125  11:52  Zergling x6  
  100  12:37  Ultralisk x5  
  118  13:01  Drone x3  
  121  13:10  Queen  
  121  13:11  Drone  
  121  13:12  Drone x2  
  126  13:14  Ultralisk x2  
  126  13:15  Hydralisk x5, Zergling x12  
  126  13:16  Extractor  
  153  13:23  Drone x2  
  153  13:24  Drone  
  156  13:32  Zerg Melee Weapons Level 2  
  156  13:38  Overlord x5  
  156  13:40  Hatchery  
  155  13:52  Hatchery  
  155  13:55  Pneumatized Carapace  
  153  13:58  Drone x4  
  153  13:59  Drone x2  
  159  14:42  Drone  
  159  14:43  Drone x5  
  165  14:47  Spore Crawler  
  165  14:48  Spore Crawler  
  165  14:50  Spine Crawler, Spore Crawler  
  165  14:52  Spine Crawler  
  160  14:56  Extractor  
  160  14:57  Hydralisk, Ultralisk x4  
  160  14:58  Hydralisk  
  160  14:59  Overlord x3  
  187  15:00  Overlord x3  
  187  15:05  Zerg Missile Weapons Level 2  
  187  15:13  Overseer  
  187  15:19  Lurker Den  
  152  15:47  Zerg Ground Armor Level 2  
  128  15:52  Ultralisk x7  
  128  15:53  Zergling x10  
  128  15:54  Drone x3  
  122  16:28  Zergling x6, Ultralisk x3  
  122  16:29  Zergling x12  
  122  16:30  Drone x3  
  145  16:51  Overlord  
  145  17:02  Ultralisk x3  
  145  17:03  Zergling x12  
  145  17:04  Drone x2, Zergling x6  
  146  17:39  Ultralisk x3  
  146  17:40  Zergling x12  
  146  17:41  Drone x3  
  170  18:06  Hydralisk x5  
  170  18:07  Hydralisk  
  170  18:08  Drone x2  
  175  18:29  Hydralisk x3  
  175  18:30  Hydralisk x3  
  176  18:45  Hydralisk x2  
  176  18:46  Ultralisk  
  155  19:09  Zergling x16  
  151  19:10  Drone x3  
  120  19:39  Hydralisk x2  
  120  19:40  Ultralisk x2  
  120  19:41  Drone x2  
  106  19:58  Hatchery  
  91  20:15  Zergling x16  
  91  20:16  Drone x2, Zergling x2  
  91  20:17  Drone  
  91  20:19  Extractor  
  91  20:20  Extractor  
  100  20:34  Zerg Ground Armor Level 3  
  100  20:59  Hatchery  
  97  21:05  Hatchery  
  94  21:18  Hatchery  
  94  21:21  Zergling x2  
  94  21:22  Hydralisk x3, Zergling x2  
  94  21:24  Drone x3  
  94  21:25  Drone x2  
  106  21:56  Drone x2  
  106  21:57  Drone x3  
  111  22:04  Corruptor  
  111  22:06  Zergling x14  
  120  22:15  Extractor, Zergling x2  
  119  22:20  Extractor  
  119  22:21  Corruptor  
  100  22:53  Drone x3  
  100  22:55  Extractor  
  100  22:56  Extractor  
  100  22:57  Extractor  
  100  22:58  Extractor  
  97  22:59  Spine Crawler x2  
  97  23:00  Spine Crawler  
  97  23:01  Drone x3, Spore Crawler x2  
  97  23:02  Spine Crawler, Spore Crawler  
  93  23:11  Ultralisk  
  93  23:12  Ultralisk  
  105  23:13  Zergling x4  
  105  23:15  Drone x4  
  105  23:19  Drone  
  112  23:25  Spore Crawler  
  111  23:27  Spore Crawler  
  111  23:30  Hydralisk x4  
  111  23:31  Hydralisk  
  120  23:35  Drone x3  
  118  23:56  Hatchery  
  113  24:09  Ultralisk x3  
  130  24:10  Zergling x10  
  130  24:11  Drone x4  
  130  24:12  Drone x2  
  141  24:23  Ultralisk  
  147  24:24  Zergling x4  
  147  24:25  Zergling x2  
  130  24:47  Drone x2  
  130  24:50  Spine Crawler  
  130  24:51  Drone  
  130  24:52  Spine Crawler x4  
  130  24:54  Drone x4  
  130  24:55  Drone  
  130  24:57  Ultralisk x3  
  146  25:17  Spine Crawler  
  146  25:18  Spine Crawler, Spore Crawler x2  
  129  25:53  Zergling x8, Ultralisk x2  
  129  25:54  Zergling x6  
  143  25:59  Drone x5  
  143  26:02  Spine Crawler  
  143  26:03  Drone x2, Spine Crawler, Spore Crawler  
  143  26:04  Drone, Spine Crawler, Spore Crawler  
  127  26:24  Ultralisk x4  
  146  26:25  Zergling x4  
  146  26:26  Zergling x4  
  146  26:32  Zergling x2  
  155  26:33  Drone x2, Ultralisk  
  125  27:06  Zergling x14  
Show
View Real Time Build Order
Export as new Build Order

Kaukatsu Terran 

Build Orders: 2 Factory, Reaper Expand, Mech 

Get SALT Encoding   

  12  0:01  SCV  
  13  0:13  SCV  
  14  0:20  Supply Depot  
  14  0:25  SCV  
  15  0:36  Refinery  
  15  0:42  SCV  
  16  0:50  Barracks  
  16  0:54  SCV  
  17  1:06  SCV  
  18  1:18  SCV  
  19  1:36  Orbital Command  
  19  1:52  Command Center  
  19  1:57  Reaper  
  20  2:04  Factory  
  20  2:07  SCV  
  21  2:19  SCV  
  21  2:21  Refinery  
  21  2:30  Barracks Reactor  
  21  2:39  SCV  
  22  2:49  Starport  
  22  2:55  SCV  
  23  2:59  Factory Tech Lab  
  23  3:07  SCV  
  24  3:17  Orbital Command  
  24  3:19  SCV  
  25  3:23  Factory  
  25  3:31  SCV  
  26  3:43  Hellion x2  
  26  3:44  Starport Reactor  
  30  3:50  SCV x2  
  32  3:59  Barracks Tech Lab  
  32  4:01  Supply Depot  
  32  4:02  SCV x2  
  34  4:08  Hellion x2  
  38  4:19  Engineering Bay  
  38  4:23  SCV x2  
  39  4:27  Hellion  
  39  4:29  Hellion, Infernal Pre-Igniter  
  43  4:34  Viking  
  43  4:35  SCV  
  46  4:54  Orbital Command  
  46  5:18  Supply Depot  
  46  5:20  Supply Depot  
  46  5:23  Refinery  
  46  5:24  Refinery  
  46  5:36  Hellion  
  46  5:39  Viking  
  46  5:40  SCV x2, Hellion x2  
  54  5:50  Command Center  
  54  5:52  SCV x2, Supply Depot  
  54  5:53  Medivac  
  60  6:04  SCV x2  
  60  6:14  Siege Tank  
  60  6:16  SCV x2  
  65  6:28  SCV  
  65  6:30  Factory  
  65  6:31  SCV  
  67  6:37  Factory  
  67  6:38  Missile Turret  
  67  6:40  SCV  
  67  6:42  Missile Turret  
  67  6:43  SCV  
  69  7:13  Widow Mine x2  
  73  7:16  Cyclone  
  73  7:21  Factory  
  76  7:23  Armory x2  
  76  7:27  Missile Turret  
  76  7:40  SCV x3  
  76  7:43  Factory Tech Lab x2  
  79  7:49  Missile Turret  
  79  7:55  Missile Turret  
  71  8:12  Thor x2  
  69  8:15  Hellion x2  
  69  8:19  Terran Vehicle And Ship Armor Level 1, Terran Vehicle Weapons Level 1  
  85  8:25  Supply Depot  
  85  8:29  Supply Depot  
  85  8:34  Smart Servos  
  85  8:35  Drilling Claws  
  85  8:39  Supply Depot  
  85  8:40  Supply Depot  
  85  8:47  SCV x2, Thor  
  93  8:51  Widow Mine x2  
  93  8:53  Supply Depot  
  97  8:57  Supply Depot  
  97  8:59  SCV x2  
  97  9:01  Siege Tank x2  
  105  9:11  SCV x2  
  107  9:28  Planetary Fortress, Missile Turret  
  107  9:34  Missile Turret  
  107  9:35  SCV  
  107  9:36  SCV  
  109  9:42  Siege Tank x2  
  109  9:43  Hellbat  
  117  9:47  SCV, Hellion x5  
  117  9:48  SCV  
  120  10:00  SCV  
  120  10:17  Thor  
  120  10:18  Hellbat  
  128  10:25  SCV  
  128  10:26  SCV x2  
  131  10:42  Thor  
  128  10:48  Thor  
  117  11:00  SCV x3  
  117  11:02  Thor x2  
  133  11:04  Hellion x2  
  121  11:25  Refinery, Thor  
  121  11:26  Refinery  
  121  11:27  SCV x3  
  121  11:30  Terran Vehicle Weapons Level 2  
  130  11:35  Command Center  
  130  11:39  SCV  
  131  11:51  SCV x2  
  133  12:20  SCV  
  133  12:21  Siege Tank  
  131  12:25  Thor, Siege Tank  
  128  12:33  Siege Tank  
  98  12:44  Liberator  
  98  12:50  Planetary Fortress  
  101  12:53  Siege Tank  
  101  12:54  Missile Turret  
  101  12:57  Siege Tank  
  111  12:58  Hellion x2  
  111  13:05  Siege Tank  
  117  13:12  Siege Tank  
  117  13:23  Terran Vehicle And Ship Armor Level 2  
  117  13:26  Siege Tank  
  120  13:34  Command Center  
  120  14:01  Refinery x2  
  120  14:13  Liberator x2  
  126  14:26  Thor x2  
  126  14:27  Siege Tank  
  141  14:45  SCV  
  141  14:46  SCV x2  
  144  14:56  Viking x2  
  148  15:16  Thor x2  
  148  15:18  Hellion  
  162  15:36  Hellion  
  162  15:40  Thor  
  152  15:51  Thor  
  152  15:52  Hellion  
  152  15:55  Viking x2  
  158  15:58  Hellion  
  158  16:14  Hellion  
  160  16:25  Viking  
  158  16:52  Liberator  
  161  17:05  Supply Depot  
  161  17:06  Supply Depot  
  161  17:11  Starport x2  
  161  17:15  Starport  
  161  17:18  Fusion Core  
  161  17:24  Thor  
  161  17:26  Liberator  
  161  17:27  Thor x2  
  161  17:29  Supply Depot  
  161  17:31  Supply Depot  
  161  17:33  Refinery x2  
  161  17:35  Liberator  
  125  18:15  Thor x2  
  137  18:25  Siege Tank  
  122  18:58  Hellion x3  
  106  19:25  SCV x2  
  106  19:37  SCV x2  
  88  20:00  Starport  
  88  20:01  Starport  
  88  20:03  Starport  
  88  20:05  Starport Tech Lab  
  83  20:16  Siege Tank x3  
  92  20:26  Orbital Command, Planetary Fortress  
  92  20:40  Battlecruiser  
  92  20:41  Starport Tech Lab x3  
  98  20:48  Hellion  
  85  21:36  Battlecruiser  
  85  21:37  Battlecruiser x2  
  103  21:44  Battlecruiser  
  109  21:48  Command Center  
  109  21:49  Command Center  
  109  21:58  Cyclone  
  85  23:12  Cyclone x2  
  91  23:13  Cyclone  
  94  23:30  Missile Turret  
  94  23:31  Refinery  
  94  23:33  Refinery  
  91  23:43  Viking x2  
  91  23:44  Cyclone  
  98  23:52  Missile Turret  
  76  24:50  Planetary Fortress  
  76  24:58  SCV x2  
  75  25:10  SCV  
  75  25:13  Refinery, Hellion x3  
  82  25:16  Battlecruiser  
  88  25:34  Hellion  
  88  25:35  Hellion x2  
  91  25:49  Weapon Refit  
  91  26:10  SCV x2  
  93  26:22  SCV  
Show
View Real Time Build Order
Export as new Build Order

Horus Terran 

Build Orders: Mech 

Get SALT Encoding   

  12  0:00  SCV  
  13  0:12  SCV  
  14  0:18  Supply Depot  
  14  0:25  SCV  
  15  0:40  SCV  
  15  0:42  Barracks  
  16  0:49  Refinery  
  16  0:52  SCV  
  17  1:04  SCV  
  18  1:13  Refinery  
  18  1:16  SCV  
  19  1:28  SCV  
  20  1:33  Reaper  
  21  1:40  SCV  
  22  1:52  SCV  
  23  1:55  Factory  
  23  2:06  Supply Depot  
  23  2:12  Orbital Command  
  23  2:27  Command Center  
  23  2:41  SCV  
  24  2:45  Factory Tech Lab  
  24  2:47  Marine  
  25  2:53  SCV  
  25  2:57  Starport  
  26  3:05  SCV, Marine  
  28  3:22  Siege Tank  
  31  3:28  Supply Depot  
  31  3:35  Starport Reactor  
  31  3:39  Factory  
  31  3:48  Barracks Reactor  
  31  3:49  Orbital Command  
  31  3:57  Siege Tank  
  31  4:02  Engineering Bay  
  34  4:12  Viking  
  36  4:22  Supply Depot  
  36  4:40  Factory  
  36  4:42  Missile Turret  
  36  4:51  Hellion x2  
  39  4:58  Orbital Command  
  39  5:01  Siege Tank  
  42  5:13  Hellion x2  
  46  5:15  Supply Depot  
  46  5:30  SCV  
  46  5:31  SCV  
  46  5:32  Command Center  
  48  5:42  SCV  
  48  5:43  SCV, Viking  
  48  5:44  Missile Turret  
  48  5:47  Siege Tank  
  55  5:55  SCV x2  
  57  6:07  Armory  
  57  6:11  Missile Turret  
  57  6:13  SCV x2  
  59  6:22  Refinery, Supply Depot  
  60  6:25  SCV x2  
  60  6:26  Siege Tank  
  60  6:28  Hellion  
  66  6:37  SCV  
  66  6:39  SCV  
  68  6:40  Factory Tech Lab  
  68  6:41  Refinery  
  68  6:49  SCV, Missile Turret  
  68  6:51  SCV  
  70  6:57  Orbital Command  
  70  6:58  Siege Tank  
  73  7:02  SCV, Terran Vehicle And Ship Armor Level 1  
  73  7:03  SCV  
  73  7:06  Widow Mine x2  
  79  7:18  Missile Turret  
  79  7:19  SCV x2  
  81  7:27  Widow Mine x2, Supply Depot  
  85  7:32  Missile Turret  
  85  7:34  Missile Turret  
  85  7:36  Missile Turret  
  85  7:45  Thor  
  85  7:48  Widow Mine  
  93  8:09  SCV  
  93  8:10  SCV x2  
  93  8:11  Command Center  
  96  8:14  Missile Turret  
  96  8:16  Missile Turret  
  96  8:17  Neosteel Armor  
  96  8:21  SCV  
  96  8:25  Missile Turret  
  97  8:50  Missile Turret  
  97  9:00  Supply Depot x2  
  97  9:06  Refinery  
  97  9:09  Terran Vehicle Weapons Level 1  
  97  9:14  Armory  
  97  9:19  Refinery  
  97  9:21  Thor  
  97  9:22  Planetary Fortress  
  103  9:40  Thor  
  109  9:48  Factory  
  109  9:57  Hi-Sec Auto Tracking  
  109  10:01  Hellion x2  
  109  10:04  Hellion  
  109  10:06  Terran Vehicle And Ship Armor Level 2  
  113  10:23  Hellion  
  113  10:31  Missile Turret, Thor x2  
  125  10:37  Infernal Pre-Igniter  
  119  11:01  Hellion x2  
  101  11:14  Factory Tech Lab  
  101  11:15  Hellion x2  
  105  11:30  Hellion x2  
  109  11:36  Hellion  
  109  11:38  SCV x4  
  115  11:50  SCV  
  116  12:10  Siege Tank x3  
  116  12:11  Hellion x2  
  117  12:32  Liberator  
  117  12:33  Liberator  
  87  12:41  Hellion x2  
  87  12:42  Siege Tank x2  
  87  12:43  Hellion  
  97  12:47  Factory  
  97  12:53  Terran Vehicle Weapons Level 2  
  97  12:54  Terran Vehicle And Ship Armor Level 3  
  97  12:57  Supply Depot  
  97  13:10  Thor  
  103  13:15  Liberator x2  
  109  13:22  Thor  
  109  13:24  Hellion x3  
  121  13:31  SCV x3  
  121  13:32  SCV  
  125  13:37  Command Center  
  125  13:39  Smart Servos  
  125  13:40  Missile Turret  
  125  13:44  Factory Tech Lab  
  125  14:04  Siege Tank x3  
  125  14:05  Liberator, Siege Tank  
  140  14:22  Hellion  
  139  14:48  Liberator, Thor  
  139  14:49  Hellion x3  
  154  15:30  Command Center  
  154  15:37  Missile Turret  
  154  15:49  Hellion  
  153  15:53  Thor  
  150  16:00  Thor  
  150  16:14  Thor  
  150  16:17  Thor  
  154  16:20  Hellion x2  
  154  16:23  Liberator  
  154  16:25  Liberator  
  152  16:37  Hellion  
  152  16:40  Planetary Fortress  
  152  16:41  Hellion  
  154  16:49  Refinery  
  154  16:53  Refinery, Planetary Fortress  
  154  16:56  Refinery  
  154  17:00  Siege Tank x3  
  167  17:01  Hellion x2  
  167  17:05  Liberator  
  170  17:19  Liberator  
  148  17:42  Hellion x2  
  148  18:02  Supply Depot  
  148  18:03  Hellion  
  148  18:05  Supply Depot  
  146  18:08  Supply Depot  
  146  18:09  SCV x3  
  144  18:21  SCV x2  
  144  18:25  Factory  
  109  18:49  Siege Tank  
  84  19:12  Factory  
  75  19:19  Terran Ship Weapons Level 1  
  75  19:22  Siege Tank  
  47  19:38  SCV x3  
  42  19:50  SCV x3  
  41  19:54  Siege Tank  
  41  20:02  SCV  
  41  20:04  Factory Tech Lab  
  39  20:07  SCV x2  
  41  20:14  SCV  
  41  20:17  Factory Reactor  
  41  20:19  SCV x2, Factory  
  44  20:24  Siege Tank  
  44  20:26  SCV  
  48  20:31  SCV x2  
  50  20:39  SCV  
  51  20:43  SCV x2  
  51  20:44  Refinery  
  53  20:51  SCV  
  54  21:04  Factory  
  54  21:15  Factory Tech Lab  
  54  21:18  Mag-Field Accelerator  
  54  21:21  Cyclone x2  
  54  21:22  Hellion  
  54  21:23  Hellion  
  64  21:32  Missile Turret  
  64  21:44  Hellion x2  
  68  21:53  Cyclone x2  
  72  22:07  Cyclone x2  
  80  22:08  Hellion  
  80  22:09  Hellion  
  80  22:11  SCV  
  80  22:12  SCV x3  
  80  22:13  Starport  
  86  22:25  Cyclone x2  
  92  22:30  Supply Depot  
  92  22:35  Hellion x2  
  96  22:39  Cyclone x2  
  96  22:42  SCV x4  
  106  22:52  Starport, Factory  
  106  22:57  Cyclone  
  106  22:58  Cyclone  
  109  23:09  Liberator  
  109  23:27  Thor  
  115  23:42  Starport Reactor  
  115  23:51  Liberator  
  118  23:58  Thor  
  118  23:59  Thor  
  118  24:01  Hellion  
  132  24:06  Hellion  
  131  24:10  Hellion  
  131  24:11  Hellion x2  
  130  24:23  Hellion  
  119  24:34  Liberator  
  114  24:45  Cyclone x3  
  117  24:46  Cyclone  
  117  24:47  Hellion x3  
  132  24:55  Supply Depot  
  132  25:10  Supply Depot  
  132  25:17  Cyclone, Viking x2  
  139  25:32  Supply Depot  
  132  25:55  Supply Depot  
  132  25:57  Supply Depot  
  132  25:58  Supply Depot x2  
  132  26:00  Supply Depot  
  132  26:07  Command Center  
  132  26:11  Cyclone x2, Viking  
  133  26:14  Cyclone x2  
  133  26:18  Supply Depot  
  127  26:21  Hellion x2  
Tags
 
Add a new tag
Caveats
  • Supply blocks, unpowered buildings, or Contaminate may cause inaccurate times.
  • Supply counts are checked every 10 seconds.